 Dungeon Crawl Stone Soup version 0.31-a0-557-g6e16503903 (webtiles) character file.

Game seed: 15170085198920055326

5052 ytrimaz the Martial Artist (level 10, -1/73 HPs)
             Began as an Octopode Shapeshifter on Aug 16, 2023.
             Was a Follower of Ashenzari.
             Slain by an acid dragon (4 damage)
             ... on level 8 of the Dungeon.
             The game lasted 00:09:38 (7900 turns).

ytrimaz the Martial Artist (Octopode Shapeshifter)  Turns: 7900, Time: 00:09:39

Health: -1/73      AC: -7    Str: 22    XL:     10   Next: 56%
Magic:  10/10      EV: 17    Int: 10    God:    Ashenzari [*.....]
Gold:   324        SH:  0    Dex: 16    Spells: 9/9 levels left

rFire   . .          .
                       - Unarmed
rCold   . . .        (shield currently unavailable)
rNeg    . . .        (helmet restricted)
rPois   .            (no amulet)
rElec   .            h - ring of Ashenzari's Seer {Str+6, Dev, Melee} (curse)
rCorr   .            p - ring "Pantheism of Ashenzari" {Fly, Cun, Self} (curse)
SInv    .            (no ring)
Will    .....        (no ring)
Stlth   ++           (no ring)
HPRegen 0.32/turn    (no ring)
MPRegen 0.12/turn    (no ring)
                     (no ring)

%: no passive effects
@: about to teleport, flux-form, corroded, flying, glowing
A: glow, contaminating, almost no armour, amphibious, 8 rings, camouflage 1,
gelatinous body 1, (nimble swimmer 1), tentacles
a: Begin Untransformation, Renounce Religion, Curse Item, Shatter the Chains


You were on level 8 of the Dungeon.
You worshipped Ashenzari.
Ashenzari was aware of your devotion.
You were something dangerously unstable.
You visited 1 branch of the dungeon, and saw 8 of its levels.

You collected 428 gold pieces.
You spent 104 gold pieces at shops.


Innate Abilities, Weirdness & Mutations

You are something dangerously unstable.
You glow with magical radiation, making you easy to see and hit.
Foes you strike become dangerously contaminated with magical radiation.
You are incapable of wielding weapons or throwing items.
You cannot wear most types of armour.
You are amphibious.
You can wear up to eight rings at the same time.
Your skin changes colour to match your surroundings (Stealth+).
Your rubbery body absorbs attacks. (AC +1, EV +1)
((You are camouflaged when in or above water. (Stealth+)))
You have tentacles for arms and can constrict up to eight enemies at once.


   Skills:
 + Level 8.0(8.9) Fighting
 + Level 7.0(7.8) Dodging
 - Level 8.9(9.7) Stealth
 - Level 9.2(10.0) Unarmed Combat
 + Level 7.9(8.7) Shapeshifting


You had 9 spell levels left.
You didn't know any spells.
Your spell library was empty.

Inventory:

Jewellery
 h - the cursed ring of Ashenzari's Seer (left tentacle) {Str+6, Dev, Melee}
   (You found it on level 2 of the Dungeon)

   [ring of strength]

   Str+6:     It affects your strength (+6).
   It has a curse which improves the following skills: Devices: Evocations and
   Shapeshifting.
   Melee Combat: Short Blades, Long Blades, Axes, Maces & Flails, Polearms,
   Staves and Unarmed Combat.
 p - the cursed ring "Pantheism of Ashenzari" (right tentacle) {Fly, Cun, Self}
   (You found it on level 6 of the Dungeon)

   [ring of flight]

   Fly:       It grants you flight.
   It has a curse which improves the following skills: Cunning: Dodging and
   Stealth.
   Introspection: Fighting and Spellcasting.
Talismans
 b - a beast talisman
 c - a flux talisman (active)
 f - a talisman of death
   (You found it on level 1 of the Dungeon)
Wands
 n - a wand of iceblast (20)
   (You found it on level 4 of the Dungeon)
 o - a wand of charming (3)
   (You found it on level 4 of the Dungeon)
 s - a wand of flame (17)
   (You found it on level 5 of the Dungeon)
 t - a wand of polymorph (10)
   (You took it off an orc on level 5 of the Dungeon)
Scrolls
 e - a scroll of noise
 g - a scroll of vulnerability
 i - a scroll of teleportation
 j - 4 scrolls of fog
 k - 2 scrolls of poison
 m - 4 scrolls of revelation
 q - 2 scrolls of enchant armour
 r - 2 scrolls of immolation
Potions
 d - 2 potions of curing
 l - 2 potions of mutation
 u - a potion of magic
 v - a potion of enlightenment
 w - a potion of might

Dungeon Overview and Level Annotations

Branches:
Dungeon (8/15) Zot: 26832  Temple (0/1) D:6
   Lair: D:8-11

Altars:
Ashenzari
Gozag
Hepliaklqana
Makhleb
Ru
Sif Muna
Trog
Uskayaw
Xom
Yredelemnul
Zin

Shops:
D:1 *!   D:2 [   D:3 *   D:5 *

Annotations:
D:2 1 runed translucent door, Crazy Yiuf
D:3 3 runed translucent doors, wormstring's ghost, weakling FeCK
D:6 Jeremiah

+#...#+
#####.....#####
#.............#
#......♣......#
#....)........#
#.###[[.$.###.
##.l#...#..#
#.D.#Y..# ..#
#B.##l..## #
####.S...##
#.......#
#......#......
....D#.##......
........ #.....
.......# .....
....#.. .....
....... ....


You could see a wyvern and an acid dragon (catching breath, misshapen).


Message History

Unknown command.
You tentacle-slap the wyvern.
The wyvern glows dangerously bright.
Your squeeze misses the wyvern. The wyvern bites you! 😮 HP[-7]
You take 7 damage, and now have 51/73 hp.
You tentacle-slap the wyvern.
The wyvern shudders as magic cascades through it!
The wyvern twists and deforms.
You squeeze the wyvern.
The wyvern hisses menacingly.
The wyvern closely misses you. 😮 HP[+1]
You bludgeon the wyvern!
You kill the wyvern!
Your Dodging skill increases to level 7!
You miss the water moccasin. Your grab misses the water moccasin.
You squeeze the water moccasin! The water moccasin closely misses you.
The water moccasin bites you. 😮 HP[-5]
You take 5 damage, and now have 47/73 hp.
You bludgeon the water moccasin!
The water moccasin begins to glow.
You grab the water moccasin. You constrict the water moccasin.
The water moccasin bites you! 😮 HP[-9]
You take 9 damage, and now have 38/73 hp.
You completely miss the water moccasin. You constrict the water moccasin.
The water moccasin barely misses you. 😮 HP[+1]
You bludgeon the water moccasin!
You kill the water moccasin!
There is a stone staircase leading up here. 😮 HP[+1]
You fly upwards.
There is a stone staircase leading down here.
Unknown command.
You start resting.
Unknown command. 😎 HP[+33]
Your hp is fully restored (73).
You fly downwards.
The ice beast hits you but does no damage.
The ice beast hits you. The ice beast freezes you! The acid dragon bites you.
The acid dragon closely misses you.
There is a stone staircase leading up, spattered with blood here.
Unknown command. 😕 HP[-9]
You take 9 damage, and now have 64/73 hp.
Unknown command.
You bludgeon the ice beast!
The ice beast begins to glow.
The acid dragon misses you. x2; The ice beast hits you.
The ice beast freezes you! 😮 HP[-16]
You take 16 damage, and now have 48/73 hp.
MASSIVE DAMAGE!! (PAUSE)
You barely miss the ice beast. You squeeze the ice beast.
You kill the ice beast!
The acid dragon spits acid at you. The splash of acid hits you!!
* * * LOW HITPOINT WARNING * * *
The acid corrodes you!
You hear an angry hiss. x2
Training target 10.0 for Unarmed Combat reached! 😱 HP[-30]
You take 30 damage, and now have 18/73 hp.
MASSIVE DAMAGE!! (PAUSE)
You tentacle-slap the acid dragon but do no damage.
The acid dragon begins to glow.
Unknown command.
You tentacle-slap the acid dragon but do no damage.
The acid dragon glows dangerously bright.
You squeeze the acid dragon, but do no damage.
The acid dragon bites you!
* * * LOW HITPOINT WARNING * * *
The acid dragon claws you.
* * * LOW HITPOINT WARNING * * *
😱 HP[-10]
You take 10 damage, and now have 8/73 hp.
Unknown command.
You tentacle-slap the acid dragon.
The acid dragon shudders as magic cascades through it.
The acid dragon twists and deforms.
You squeeze the acid dragon, but do no damage.
The acid dragon closely misses you. The acid dragon barely misses you.
You feel much better. The acid dragon spits acid at you.
The splash of acid hits you!!
* * * LOW HITPOINT WARNING * * *
The acid corrodes you! 😱 HP[-6]
You take 6 damage, and now have 2/73 hp.
Unknown command.
As you read the scroll of teleportation, it crumbles to dust.
You feel strangely unstable.
A wyvern comes into view.
The acid dragon misses you. The acid dragon closely misses you.
Aiming: Charm
Press: ? - help, Shift-Dir - straight line, f - acid dragon
Aim: an acid dragon (lightly wounded, catching its breath, misshapen and mutated, chance to affect: 55%)
The acid dragon resists with significant effort.
The acid dragon bites you.
You die...

Skill      XL: |  1  2  3  4  5  6  7  8  9 10 |
---------------+-------------------------------+-----
Stealth        | 1 2 3 4 8 |  8.9
Unarmed Combat | 4 5 8 9 |  9.2
Shapeshifting  | 4 5 7 |  7.9
Fighting       | 2 4 7 8 |  8.0
Dodging        | 5 6 7 |  7.0

Action                     |  1- 3 |  4- 6 |  7- 9 | 10-12 || total
---------------------------+-------+-------+-------+-------++-------
  Melee: Unarmed           |    66 |    93 |   130 |   116 ||   405
         Constrict         |    18 |    25 |    28 |    20 ||    91
         Tentacles         |     7 |    17 |    35 |    25 ||    84
         Punch             |     2 |     3 |     5 |     1 ||    11
 Invoke: Curse Item        |       |     1 |     1 |       ||     2
  Evoke: Wand              |       |       |       |     1 ||     1
    Use: Scroll            |       |     9 |     1 |     1 ||    11
         Potion            |       |       |     2 |     5 ||     7
   Stab: Sleeping          |     5 |    15 |     7 |     1 ||    28
         Distracted        |     1 |       |       |       ||     1
 Armour: Skin              |     6 |    11 |    25 |    35 ||    77
  Dodge: Dodged            |    48 |    53 |    75 |    79 ||   255
   Form: Death             |     1 |       |       |       ||     1
         Beast             |     1 |       |       |       ||     1
         Flux              |       |       |     1 |       ||     1

Levels and vault maps discovered:
D:1:      dpeg_arrival_stone_temple_mockup, layout_basic, serial_shops,
          shop_statue, shop, corexii_hall_statues_x,
          minmay_misc_feat_secret_circle
D:2:      minmay_skewed_foursquare, layout_loops_ring, basic_altar,
          serial_shops, nicolae_shop_pleasant_corner_grove,
          shapermc_ecumenical_altar_notcrosses, minivault_14,
          uniq_crazy_yiuf_cottage
D:3:      layout_basic, nicolae_overflow_hallway_of_the_gods, serial_shops,
          shop, ebering_ghost_rock_garden
D:4:      layout_cave_pods, uniq_ijyb, uniq_natasha
D:5:      layout_basic, guppyfry_shop_venom
D:6:      old_forge, layout_basic, minmay_temple_entry_sparse_star,
          roderic_batcave, uniq_jeremiah
D:7:      layout_gridville, solitary_fountain, minmay_misc_feat_rows
D:8:      layout_cave_pools, nicolae_dithmenos_through_a_glass_darkly,
          minmay_lair_entry_grove, grunt_ministairs_6

Notes
Turn   | Place    | Note
-------+----------+-------------------------------------------
     0 | D:1      | ytrimaz the Octopode Shapeshifter began the quest for the
                  | Orb.
     0 | D:1      | Reached XP level 1. HP: 13/13 MP: 1/1
     0 | D:1      | magus.rc [v1.9.6]
    75 | D:1      | Found Woyst's Distillery.
   106 | D:1      | Reached XP level 2. HP: 18/18 MP: 2/2
   267 | D:1      | Found Jiacwef's Assorted Antiques.
   438 | D:1      | Reached skill level 1 in Stealth
   447 | D:1      | Reached XP level 3. HP: 19/23 MP: 3/3
   877 | D:2      | Reached skill level 2 in Stealth
   964 | D:2      | Reached XP level 4. HP: 28/28 MP: 4/4
  1223 | D:2      | Found a faded altar of an unknown god.
  1493 | D:2      | Found Ibekooh's Armour Emporium.
  1565 | D:2      | Found a runed translucent door.
  1566 | D:2      | Noticed Crazy Yiuf
  1657 | D:2      | Found a burning altar of Makhleb.
  1802 | D:3      | Found a runed translucent gate.
  1802 | D:3      | Found a runed translucent gate.
  1803 | D:3      | Found a runed translucent gate.
  1805 | D:3      | Noticed wormstring's ghost (weakling FeCK)
  1830 | D:3      | Reached skill level 4 in Unarmed Combat
  1833 | D:3      | Reached skill level 3 in Stealth
  2008 | D:3      | Found Tehuly's General Store.
  2039 | D:3      | Bought a potion of mutation for 104 gold pieces
  2072 | D:3      | Reached XP level 5. HP: 33/33 MP: 5/5
  2100 | D:3      | Found a sacrificial altar of Ru.
  2110 | D:3      | Found a bloodstained altar of Trog.
  2113 | D:3      | Found a glowing silver altar of Zin.
  2116 | D:3      | Found an opulent altar of Gozag.
  2117 | D:3      | Found a basalt altar of Yredelemnul.
  2120 | D:3      | Found a shimmering blue altar of Sif Muna.
  2122 | D:3      | Found a hazy altar of Hepliaklqana.
  2122 | D:3      | Found a hide-covered altar of Uskayaw.
  2126 | D:3      | Found a broken altar of Ashenzari.
  2127 | D:3      | Found a shimmering altar of Xom.
  2135 | D:3      | Became a worshipper of Ashenzari the Shackled
  2192 | D:3      | Reached skill level 4 in Shapeshifting
  2521 | D:4      | Noticed Natasha
  2528 | D:4      | Killed Natasha
  2529 | D:4      | Reached skill level 4 in Stealth
  2698 | D:4      | Noticed Natasha
  2705 | D:4      | Killed Natasha
  2706 | D:4      | Reached XP level 6. HP: 38/38 MP: 6/6
  2722 | D:4      | Noticed Natasha
  2727 | D:4      | Killed Natasha
  2846 | D:4      | Reached skill level 2 in Fighting
  3181 | D:4      | Noticed Ijyb
  3192 | D:4      | Killed Ijyb
  3452 | D:4      | Reached skill level 5 in Unarmed Combat
  3545 | D:5      | Entered Level 5 of the Dungeon
  3602 | D:5      | Found Riladdeim's Serpentskin Sales.
  3602 | D:5      | Noticed a water moccasin
  3613 | D:5      | Killed a water moccasin
  3614 | D:5      | Reached XP level 7. HP: 32/45 MP: 7/7
  3720 | D:5      | Reached skill level 3 in Fighting
  3869 | D:5      | Identified the +0 robe of Card Tricks {Dex+3}
  4251 | D:5      | Reached skill level 5 in Shapeshifting
  4408 | D:5      | HP: 8/46 [orc priest/nerve-wracking pain (4)]
  4409 | D:5      | HP: 3/46 [orc priest/+0 flail (5)]
  4752 | D:5      | Reached skill level 4 in Fighting
  4752 | D:5      | Reached XP level 8. HP: 41/54 MP: 8/8
  4993 | D:6      | Found a staircase to the Ecumenical Temple.
  5034 | D:6      | Reached skill level 6 in Unarmed Combat
  5065 | D:6      | Noticed Jeremiah
  5164 | D:6      | Reached * piety under Ashenzari
  5164 | D:6      | Identified a potion of experience
  5166 | D:6      | Reached skill level 7 in Fighting
  5166 | D:6      | Reached skill level 5 in Dodging
  5166 | D:6      | Reached skill level 8 in Stealth
  5166 | D:6      | Reached skill level 8 in Unarmed Combat
  5166 | D:6      | Reached skill level 7 in Shapeshifting
  5166 | D:6      | Reached XP level 9. HP: 66/66 MP: 9/9
  5316 | D:6      | Reached skill level 6 in Dodging
  5586 | D:6      | HP: 6/66 [something (14)]
  6015 | D:6      | Found the +11 Singing Sword {sonic wave}
  6555 | D:6      | Reached XP level 10. HP: 72/72 MP: 10/10
  6896 | D:7      | HP: 14/70 [wight/+0 trident (10)]
  7111 | D:7      | Reached skill level 9 in Unarmed Combat
  7741 | D:8      | Reached skill level 8 in Fighting
  7782 | D:8      | Reached skill level 7 in Dodging
  7894 | D:8      | HP: 18/73 [acid dragon/splash of acid (30)]
  7896 | D:8      | HP: 8/73 [acid dragon (4)]
  7898 | D:8      | HP: 2/73 [acid dragon/splash of acid (28)]
  7900 | D:8      | Slain by an acid dragon

Vanquished Creatures
  2 wyverns
  4 yaks (D:6)
  A steam dragon (D:6)
  3 water moccasins
  An orc warrior (D:7)
  A black bear (D:6)
  A sky beast (D:7)
  2 ice beasts
  2 centaurs
  An ogre (D:4)
  A phantom (D:5)
  4 bullfrogs
  A kobold brigand (D:7)
  6 scorpions
  6 wights (D:7)
  5 killer bees (D:7)
  6 hounds
  5 orc priests
  A sleepcap (D:6)
  4 orc wizards
  Ijyb (D:4)
  An iguana (D:8)
  Natasha (thrice) (D:4)
  12 adders
  3 gnolls (D:6)
  A shadow imp (D:5)
  2 worms
  2 dart slugs
  7 orcs
  10 ball pythons
  2 endoplasms
  4 giant cockroaches
  13 goblins
  9 hobgoblins
  7 jackals
  13 kobolds
  5 quokkas
  24 bats
  4 frilled lizards
  9 rats
189 creatures vanquished.

Table legend:
 A = Non-vault XP
 B = Vault XP
 C = Vault XP percentage of total XP
 D = Non-vault monster count
 E = Vault monster count
 F = Vault count percentage of total count
                 A         B        C        D         E       F
            +---------+---------+-------+---------+---------+-------
      Total |    4767 |    1134 |  19.2 |     148 |      41 |  21.7
            +---------+---------+-------+---------+---------+-------
        D:1 |      46 |       0 |   0.0 |      26 |       0 |   0.0
        D:2 |      48 |      28 |  36.8 |      18 |      10 |  35.7
        D:3 |     131 |       0 |   0.0 |      20 |       0 |   0.0
        D:4 |     265 |      71 |  21.1 |      17 |       2 |  10.5
        D:5 |     523 |     164 |  23.9 |      16 |       2 |  11.1
        D:6 |    1754 |     312 |  15.1 |      20 |      20 |  50.0
        D:7 |    1868 |       0 |   0.0 |      30 |       0 |   0.0
        D:8 |     132 |     559 |  80.9 |       1 |       7 |  87.5
            +---------+---------+-------+---------+---------+-------

Skill      XL: |  1  2  3  4  5  6  7  8  9 10 |
---------------+-------------------------------+-----
Stealth        | 1 2 3 4 8 |  8.9
Unarmed Combat | 4 5 8 9 |  9.2
Shapeshifting  | 4 5 7 |  7.9
Fighting       | 2 4 7 8 |  8.0
Dodging        | 5 6 7 |  7.0

Action                     |  1- 3 |  4- 6 |  7- 9 | 10-12 || total
---------------------------+-------+-------+-------+-------++-------
  Melee: Unarmed           |    66 |    93 |   130 |   116 ||   405
         Constrict         |    18 |    25 |    28 |    20 ||    91
         Tentacles         |     7 |    17 |    35 |    25 ||    84
         Punch             |     2 |     3 |     5 |     1 ||    11
 Invoke: Curse Item        |       |     1 |     1 |       ||     2
  Evoke: Wand              |       |       |       |     1 ||     1
    Use: Scroll            |       |     9 |     1 |     1 ||    11
         Potion            |       |       |     2 |     5 ||     7
   Stab: Sleeping          |     5 |    15 |     7 |     1 ||    28
         Distracted        |     1 |       |       |       ||     1
 Armour: Skin              |     6 |    11 |    25 |    35 ||    77
  Dodge: Dodged            |    48 |    53 |    75 |    79 ||   255
   Form: Death             |     1 |       |       |       ||     1
         Beast             |     1 |       |       |       ||     1
         Flux              |       |       |     1 |       ||     1

Illustrated notes

Table legend:
 A = Kills in this place as a percentage of kills in the entire game.
 B = Kills by you in this place as a percentage of kills by you in the entire game.
 C = Kills by friends in this place as a percentage of kills by friends in the entire game.
 D = Other kills in this place as a percentage of other kills in the entire game.
 E = Experience gained in this place as a percentage of experience gained in the entire game.
 F = Experience gained in this place divided by the number of levels of this place that you have seen.
                   A       B       C       D       E      F
               +-------+-------+-------+-------+-------+----------------------
         Total | 100.0 | 100.0 |   N/A |   N/A | 100.0 | 737.6
       Dungeon | 100.0 | 100.0 |   N/A |   N/A | 100.0 | 737.6
               +-------+-------+-------+-------+-------+----------------------

Table legend: (Time is in decaauts)
 A = Elapsed time spent in this place.
 B = Non-inter-level travel time spent in this place.
 C = Inter-level travel time spent in this place.
 D = Time resting spent in this place.
 E = Time spent auto-exploring this place.
 F = Levels seen in this place.
 G = Mean time per level.
                   A        B        C        D        E       F      G
               +--------+--------+--------+--------+--------+-----+--------+
         Total |   7846 |   7723 |    123 |    368 |   6055 |   8 |  980.8 |
       Dungeon |   7846 |   7723 |    123 |    368 |   6055 |   8 |  980.8 |
               +--------+--------+--------+--------+--------+-----+--------+

Top non-repeatable levels by time:
     D:6: 1691 daAuts
     D:5: 1442 daAuts
     D:2: 1123 daAuts
     D:7: 1116 daAuts
     D:4: 1024 daAuts
     D:3: 729 daAuts
     D:1: 655 daAuts
     D:8: 63 daAuts
